 Dungeon Crawl Stone Soup version 0.31.0-11-ge490571c62 (webtiles) character file.

Game seed: 9344694245120863523

62 qw the Shooter (level 3, -1/18 HPs)
             Began as a Spriggan Hunter on Feb 4, 2024.
             Succumbed to their own poison gas
             ... on level 1 of the Dungeon.
             The game lasted 00:00:02 (742 turns).

qw the Shooter (Spriggan Hunter)                     Turns: 742, Time: 00:00:03

Health: -1/18      AC:  6    Str:  7    XL:     3   Next: 85%
Magic:  4/4        EV: 19    Int: 10    God:
Gold:   31         SH:  0    Dex: 20    Spells: 2/2 levels left

rFire   . . .        a - +0 shortbow
rCold   . . .        (shield currently unavailable)
rNeg    . . .        c - +0 robe
rPois   .            (helmet restricted)
rElec   .            (no cloak)
rCorr   .            (gloves unavailable)
SInv    +            (boots unavailable)
Will    .....        (no amulet)
Stlth   ++           f - +4 ring of protection
HPRegen 0.23/turn    (no ring)
MPRegen 0.09/turn

%: no passive effects
@: lethally poisoned (-1 -> -10), very quick
A: very small, no large weapons, unfitting armour, see invisible, speed 3
a: no special abilities


You were on level 1 of the Dungeon.
You visited 1 branch of the dungeon, and saw 1 of its levels.

You collected 31 gold pieces.


Innate Abilities, Weirdness & Mutations

You are very small and have problems with some larger weapons.
You are too small for most types of armour.
You have supernaturally acute eyesight. (SInv)
You cover ground extremely quickly. (Speed+++)


   Skills:
 - Level 1.5 Fighting
 - Level 5.0 Ranged Weapons
 + Level 4.1 Dodging
 - Level 1.5 Stealth


You had 2 spell levels left.
You didn't know any spells.
Your spell library was empty.

Inventory:

Hand Weapons
 a - a +0 shortbow (weapon)
Armour
 c - a +0 robe (worn)
Jewellery
 f - a +4 ring of protection (left hand)
Potions
 e - a potion of invisibility {unknown}
 i - a potion of attraction {unknown}

Dungeon Overview and Level Annotations

Branches:
Dungeon (1/15)

Altars:


Message History

Done exploring.
734 ||| READING scroll labelled DUOTYL XOCSY.
As you read the scroll labelled DUOTYL XOCSY, it crumbles to dust.
It is a scroll of identify.
734 ||| IDENTIFYING dark potion;
d - a potion of degeneration Done exploring.
735 ||| READING scroll labelled CERGHU DAGIYZASMOBA.
The air fills with toxic fumes!
As you read the scroll labelled CERGHU DAGIYZASMOBA, it crumbles to dust.
It was a scroll of poison.
Done exploring.
736 ||| DROPPING scroll of butterflies.
You drop a scroll of butterflies.
Done exploring.
737 ||| DROPPING potion of degeneration.
You drop a potion of degeneration.
Done exploring.
What level of the Dungeon? (default 1, ? - help) Sorry, I don't know how to get there.
Enter note:
Enter note:
Enter note:
Enter note:
Enter note:
Enter note:
Enter note:
Enter note:
Enter note: You are engulfed in poison gas.
You are lethally poisoned!
You feel very sick.
739 ||| Stepping ~*~*~tactically~*~*~ (cloud).
You feel sick.
Things that are here:
a potion of degeneration; a scroll of butterflies
There is a lethal amount of poison in your body!
You feel very sick.
There is a lethal amount of poison in your body!
You feel very sick.
There is a lethal amount of poison in your body!
You die...

#.# #.##.# #### #.#
#.##.# #.# ##.##.#
#.# #..##.# #.#
#%###.####### #.# #.#
#[....... #.# #.#
#########
#0#######.##########
#0¤¤@¤##...........##
#####0##..########.##
#¤##..# #..) #¤##..#
#..#
#¤##..########.##
#¤##....%......#
#0##.#########.##
#¤#.#.###### #..#
#.>###.....###.#.


There were no monsters in sight!

Vanquished Creatures
  2 gnolls (D:1)
  2 dart slugs (D:1)
  2 ball pythons (D:1)
  2 endoplasms (D:1)
  A giant cockroach (D:1)
  3 goblins (D:1)
  5 hobgoblins (D:1)
  7 jackals (D:1)
  A quokka (D:1)
  4 bats (D:1)
  A frilled lizard (D:1)
  2 kobolds (D:1)
  A rat (D:1)
33 creatures vanquished.

Notes
Turn   | Place    | Note
-------+----------+-------------------------------------------
     0 | D:1      | qw the Spriggan Hunter began the quest for the Orb.
     0 | D:1      | Reached XP level 1. HP: 10/10 MP: 2/2
     0 | D:1      | 0 ||| qw: Version: 0.3-a-160-g6735b56
     0 | D:1      | 0 ||| qw: Game counter: 4758
     0 | D:1      | 0 ||| qw: Melee chars always use a shield: true
     0 | D:1      | 0 ||| qw: God list: Okawaru
     0 | D:1      | 0 ||| qw: Allow faded altars: false
     0 | D:1      | 0 ||| qw: Do Orc after clearing Dungeon:15 true
     0 | D:1      | 0 ||| qw: Do second Lair branch before Depths: true
     0 | D:1      | 0 ||| qw: Lair rune preference: random
     0 | D:1      | 0 ||| qw: Goals: Normal
     0 | D:1      | 0 ||| PLANNING D:1-11
    36 | D:1      | Reached skill level 3 in Dodging
    48 | D:1      | 48 ||| RETREEEEATING.
    49 | D:1      | 49 ||| RETREEEEATING.
    59 | D:1      | Reached XP level 2. HP: 10/14 MP: 3/3
   266 | D:1      | Reached XP level 3. HP: 18/18 MP: 4/4
   458 | D:1      | Reached skill level 5 in Ranged Weapons
   733 | D:1      | 733 ||| UPGRADING to +4 ring of protection.
   734 | D:1      | 734 ||| READING scroll labelled DUOTYL XOCSY.
   734 | D:1      | 734 ||| IDENTIFYING dark potion
   735 | D:1      | 735 ||| READING scroll labelled CERGHU DAGIYZASMOBA.
   736 | D:1      | 736 ||| DROPPING scroll of butterflies.
   737 | D:1      | 737 ||| DROPPING potion of degeneration.
   739 | D:1      | 739 ||| Stepping ~*~*~tactically~*~*~ (cloud).
   740 | D:1      | HP: 3/18 [poisoned by you (poison gas)]
   741 | D:1      | HP: 1/18 [poisoned by you (poison gas)]
   742 | D:1      | Succumbed to their own poison gas

Levels and vault maps discovered:
D:1:      wheals_arrival_shading, layout_loops_ring

Skill      XL: |  1  2  3 |
---------------+----------+-----
Dodging        | 3 4 |  4.1
Ranged Weapons | 5 |  5.0
Fighting       | |  1.5
Stealth        | |  1.5

Action                     || total
---------------------------++-------
   Fire: Shortbow          ||    94
    Use: Scroll            ||     2
 Armour: Robe              ||    10
  Dodge: Dodged            ||    22

Table legend:
 A = Non-vault XP
 B = Vault XP
 C = Vault XP percentage of total XP
 D = Non-vault monster count
 E = Vault monster count
 F = Vault count percentage of total count
                 A         B        C        D         E       F
            +---------+---------+-------+---------+---------+-------
      Total |      89 |       0 |   0.0 |      33 |       0 |   0.0
            +---------+---------+-------+---------+---------+-------
        D:1 |      89 |       0 |   0.0 |      33 |       0 |   0.0
            +---------+---------+-------+---------+---------+-------
